 Dungeon Crawl Stone Soup version 0.32-a0-314-g526f7d4993 (webtiles) character file.

Game seed: 9771542155700342938

1168 IdlyInterested the Shield-Bearer (level 8, 0/58 HPs)
             Began as a Demonspawn Fighter on Feb 15, 2024.
             Killed from afar by a white imp (6 damage)
             ... with a puff of frost
             ... on level 6 of the Dungeon.
             The game lasted 00:17:39 (5337 turns).

IdlyInterested the Shield-Bearer (DsFi)             Turns: 5337, Time: 00:17:40

Health: 0/58       AC: 16    Str: 23    XL:     8   Next: 17%
Magic:  8/8        EV:  6    Int:  6    God:
Gold:   104        SH: 28    Dex: 12    Spells: 7/7 levels left

rFire   . . .        y - +2 dagger (freeze)
rCold   . . .        D - +9 tower shield of the Jabberwock {rN++ Will- Str+3 Int-2}
rNeg    + + .        z - +0 chain mail
rPois   +            (helmet restricted)
rElec   .            x - +1 cloak
rCorr   .            m - +0 pair of gloves
SInv    .            (no boots)
Will    .....        (no amulet) Stlth
                     v - ring of poison resistance
HPRegen 0.29/turn    n - +4 ring of protection
MPRegen 0.22/turn

%: no passive effects
@: mighty, on fire, glowing
A: horns 1, large bone plates 2, magic regeneration, demonic magic 1
a: no special abilities


You were on level 6 of the Dungeon.
You visited 2 branches of the dungeon, and saw 7 of its levels.

You collected 209 gold pieces.
You spent 105 gold pieces at shops.

Inventory:

Hand Weapons
 g - a +0 short sword
 y - a +2 dagger of freezing (weapon)
Missiles
 j - 40 stones (quivered)
Armour
 b - a +0 buckler
 m - a +0 pair of gloves (worn)
 r - a +0 kite shield
 x - a +1 cloak (worn)
 z - a +0 chain mail (worn)
 D - the +9 tower shield of the Jabberwock (worn) {rN++ Will- Str+3 Int-2}
   (You found it on level 4 of the Dungeon)

   Str+3:     It affects your strength (+3).
   Int-2:     It affects your intelligence (-2).
   rN++:      It greatly protects you from negative energy.
   Will-:     It decreases your willpower.
Magical Staves
 q - a staff of death
Jewellery
 n - a +4 ring of protection (right hand)
 v - a ring of poison resistance (left hand)
Talismans
 w - a blade talisman
Wands
 h - a wand of flame (4)
 C - a wand of roots (10)
Scrolls
 d - a scroll of fear {unknown}
 f - a scroll of immolation {unknown}
 k - a scroll of vulnerability {unknown}
 o - 2 scrolls of teleportation {unknown}
 s - a scroll of torment {unknown}
 t - a scroll of blinking {unknown}
 A - a scroll of enchant armour
 B - a scroll of silence {unknown}
 E - a scroll of identify {unknown}
Potions
 a - 3 potions of curing
 c - 2 potions of might
 e - a potion of degeneration {unknown}
 l - a potion of invisibility {unknown}
 p - 2 potions of lignification


   Skills:
 - Level 3.0 Fighting
 * Level 4.2 Short Blades
 - Level 3.0 Throwing
 - Level 3.0 Armour
 - Level 2.0 Dodging
 - Level 2.0 Stealth
 + Level 5.6 Shields
 - Level 2.0 Unarmed Combat
 - Level 2.0 Evocations
 - Level 2.0 Shapeshifting


You had 7 spell levels left.
You didn't know any spells.
Your spell library contained the following spells:

 Spells                   Type           Power      Damage    Failure   Level
 Call Imp                 Summ           0%         N/A       100%        2
 Sublimation of Blood     Necr           0%         N/A       100%        2
 Inner Flame              Hex/Fire       0%         N/A       100%        3
 Volatile Blastmotes      Fire/Tloc      0%         2d10      100%        3
 Fulminant Prism          Conj/Alch      0%         3d5       100%        4
 Iskenderun's Mystic Bla  Conj/Tloc      0%         2d3       100%        4
 Irradiate                Conj/Alch      0%         3d11      100%        5
 Summon Hydra             Summ           0%         N/A       100%        7
 Ignition                 Fire           0%         3d3       100%        8


Dungeon Overview and Level Annotations

Branches:
Dungeon (6/15)             Temple (1/1) D:4

Altars:
Cheibriados
Dithmenos
Hepliaklqana
Kikubaaqudgha
Makhleb
Nemelex Xobeh
Okawaru
Sif Muna
Trog
Uskayaw
Vehumet
Wu Jian
Xom
Yredelemnul

Shops:
D:1 [   D:3 *   D:4 [


Innate Abilities, Weirdness & Mutations

You have a pair of small horns on your head.
You are mostly covered in large bone plates. (SH +6)
You regenerate magic rapidly.
Spells you cast may paralyse adjacent enemies.


Message History

The white imp gestures at you. You block the puff of frost.
You block the orc warrior's attack.
The bombardier beetle bites you but does no damage.
You barely miss the orc warrior. Your headbutt misses the orc warrior.
The orc warrior is moderately wounded.
You block the iguana's attack.
The white imp lashes its tail.
The white imp hits you but does no damage.
You block the orc warrior's attack. You block the white imp's attack.
You closely miss the orc warrior. Your headbutt misses the orc warrior.
The orc warrior is moderately wounded.
You block the iguana's attack. The white imp gestures at you.
The puff of frost hits you! The white imp gestures at you.
You block the puff of frost. You block the orc warrior's attack.
The bombardier beetle sprays incendiary fluid at you.
You block the burning spray.
You hit the orc warrior but do no damage.
The orc warrior is moderately wounded.
You block the iguana's attack. The white imp gestures at you.
The puff of frost hits you!
* * * LOW HITPOINT WARNING * * *
You block the white imp's attack. You block the orc warrior's attack.
You completely miss the orc warrior.
The orc warrior is moderately wounded.
You block the iguana's attack.
The bombardier beetle sprays incendiary fluid at you.
The burning spray hits you.
You are covered in liquid fire!
You block the white imp's attack. x2; You block the orc warrior's attack.
You hit the orc warrior but do no damage.
The orc warrior is moderately wounded.
The liquid fire burns you!
* * * LOW HITPOINT WARNING * * *
You block the iguana's attack. The white imp gestures at you.
The puff of frost hits you.
You die...

## .. #. # #.
#.##.########
#.....#.....#
#.l#.....#
#)5@5....#
##B#o....#
#........#
#...<######
/.....#
#...#### #.#.
#.#.


You could see an orc warrior, a bombardier beetle, an iguana and 2 white imps.

Vanquished Creatures
  An orc warrior (D:6)
  An ice beast (D:5)
  2 ogres
  2 phantoms (D:5)
  2 bombardier beetles (D:5)
  5 hounds (D:5)
  An orc priest (D:6)
  2 jellies
  A sleepcap (D:2)
  3 iguanas
  Ijyb (D:3)
  6 gnolls
  4 adders
  4 dart slugs
  9 orcs
  6 bats
  7 endoplasms
  4 giant cockroaches
  4 goblins
  7 hobgoblins
  2 jackals (D:1)
  8 kobolds
  4 quokkas
  9 ball pythons
  3 frilled lizards
  2 rats
100 creatures vanquished.

Notes
Turn   | Place    | Note
-------+----------+-------------------------------------------
     0 | D:1      | IdlyInterested the Demonspawn Fighter began the quest for
                  | the Orb.
     0 | D:1      | Reached XP level 1. HP: 18/18 MP: 1/1
   118 | D:1      | Reached skill level 1 in Dodging
   127 | D:1      | Reached skill level 1 in Stealth
   144 | D:1      | Gained mutation: You are partially covered in large bone
                  | plates. (SH +4) [demonic ancestry]
   144 | D:1      | Reached XP level 2. HP: 24/24 MP: 2/2
   445 | D:1      | Found Kykisch's Armour Emporium.
   456 | D:1      | Reached XP level 3. HP: 26/29 MP: 3/3
   890 | D:2      | You fall into a shaft and drop 1 floor!
  1117 | D:2      | Reached skill level 1 in Throwing
  1145 | D:2      | Found a faded altar of an unknown god.
  1182 | D:2      | Gained mutation: You have a pair of small horns on your
                  | head. [demonic ancestry]
  1182 | D:2      | Reached XP level 4. HP: 25/35 MP: 4/4
  1693 | D:2      | Reached skill level 3 in Shields
  1974 | D:3      | Gained mutation: You are mostly covered in large bone
                  | plates. (SH +6) [demonic ancestry]
  1974 | D:3      | Reached XP level 5. HP: 41/41 MP: 5/5
  1980 | D:3      | Reached skill level 1 in Evocations
  2130 | D:3      | Found Huax's General Store.
  2293 | D:3      | Noticed Ijyb
  2315 | D:3      | Killed Ijyb
  2612 | D:3      | Bought a scroll of enchant armour for 75 gold pieces
  2612 | D:3      | Bought a potion of lignification for 30 gold pieces
  2655 | D:4      | Found a hide-covered altar of Uskayaw.
  2658 | D:4      | Noticed an ogre
  2667 | D:4      | Killed an ogre
  2668 | D:4      | Reached skill level 1 in Shapeshifting
  2668 | D:4      | Gained mutation: You regenerate magic rapidly. [demonic
                  | ancestry]
  2668 | D:4      | Reached XP level 6. HP: 47/47 MP: 6/6
  2723 | D:4      | Found Qekecs's Antique Armour Boutique.
  2949 | D:4      | Identified the +9 tower shield of the Jabberwock {rN++
                  | Will- Str+3 Int-2}
  2979 | D:4      | Found a staircase to the Ecumenical Temple.
  2987 | Temple   | Entered the Ecumenical Temple
  3114 | D:4      | Reached skill level 4 in Shields
  3529 | D:5      | Entered Level 5 of the Dungeon
  3797 | D:5      | Gained mutation: Spells you cast may paralyse adjacent
                  | enemies. [demonic ancestry]
  3797 | D:5      | Reached XP level 7. HP: 52/52 MP: 7/7
  3813 | D:5      | Reached skill level 1 in Short Blades
  4074 | D:5      | Reached skill level 5 in Shields
  5003 | D:5      | Reached XP level 8. HP: 58/58 MP: 8/8
  5337 | D:6      | Killed from afar by a white imp

Illustrated notes

Levels and vault maps discovered:
D:1:      saegor_arrival_simple_e, layout_basic, serial_shops, shop,
          columned_hall_lemuel, minivault_23
D:2:      layout_basic, nicolae_ecumenical_lake_church
D:3:      layout_loops_ring, serial_shops, shop, chequers_garden, uniq_ijyb
D:4:      layout_basic, nicolae_uskayaw_suspiria,
          minmay_temple_entry_enclosed_plants, nicolae_inconvenience_store
D:5:      layout_layer_cave, saegor_snake_ambush
D:6:      layout_loops_cross, minmay_manual_mail
Temple:   hellmonk_temple_two_chambers

Skill      XL: |  1  2  3  4  5  6  7  8 |
---------------+-------------------------+-----
Dodging        | 1 2 |  2.0
Stealth        | 1 2 |  2.0
Unarmed Combat | 2 |  2.0
Throwing       | 1 2 3 |  3.0
Shields        | 3 4 5 |  5.6
Evocations     | 2 |  2.0
Shapeshifting  | 1 2 |  2.0
Armour         | 3 |  3.0
Short Blades   | 3 4 |  4.2
Fighting       | |  3.0

Action                     |  1- 3 |  4- 6 |  7- 9 || total
---------------------------+-------+-------+-------++-------
  Melee: Unarmed           |   140 |   236 |    25 ||   401
         Headbutt          |       |    45 |    29 ||    74
         Dagger            |       |       |   137 ||   137
  Throw: Stone             |       |     5 |    22 ||    27
    Use: Potion            |     1 |     3 |     4 ||     8
         Scroll            |       |     1 |       ||     1
 Armour: Scale mail        |    67 |    41 |       ||   108
         Chain mail        |       |    27 |    49 ||    76
  Dodge: Dodged            |    38 |    27 |     7 ||    72
  Block: Buckler           |    46 |     7 |       ||    53
         Kite shield       |       |    75 |       ||    75
         Tower shield      |       |   148 |   259 ||   407

Table legend: (Time is in decaauts)
 A = Elapsed time spent in this place.
 B = Non-inter-level travel time spent in this place.
 C = Inter-level travel time spent in this place.
 D = Time resting spent in this place.
 E = Time spent auto-exploring this place.
 F = Levels seen in this place.
 G = Mean time per level.
                   A        B        C        D        E       F      G
               +--------+--------+--------+--------+--------+-----+--------+
         Total |   5463 |   5157 |    306 |    625 |   3187 |   7 |  780.4 |
       Dungeon |   5462 |   5156 |    306 |    625 |   3187 |   6 |  910.3 |
        Temple |      1 |      1 |      0 |      0 |      0 |   1 |    1.0 |
               +--------+--------+--------+--------+--------+-----+--------+

Top non-repeatable levels by time:
     D:5: 1847 daAuts
     D:2: 939 daAuts
     D:1: 890 daAuts
     D:4: 888 daAuts
     D:3: 860 daAuts
     D:6: 36 daAuts
  Temple: 1 daAuts
